 Dungeon Crawl Stone Soup version 0.28-a0-1167-g616b1c6417 (webtiles) character file.

Game seed: 12583235310484588295

241 Ijustatesigmund the Covered (level 6, 35/35 HPs)
             Began as a Gargoyle Fighter on Dec 16, 2021.
             Quit the game on level 4 of the Dungeon.
             The game lasted 00:07:02 (3825 turns).

Ijustatesigmund the Covered (Gargoyle Fighter)      Turns: 3825, Time: 00:07:03

Health: 35/35      AC:  9    Str: 19    XL:     6   Next: 8%
Magic:  6/6        EV:  9    Int:  9    God:
Gold:   181        SH:  4    Dex:  9    Spells: 5/5 levels left

rFire   + . .      SeeInvis .   a - +0 flail
rCold   . . .      Faith    .   c - +0 buckler
rNeg    + . .      Spirit   .   b - +0 scale mail {rF+}
rPois   ∞          Reflect  .   (no helmet)
rElec   +          Harm     .   (no cloak)
rCorr   +          Rampage  .   j - +0 pair of gloves
Will    .....                   (no boots)
Stlth   ..........              (no amulet)
HPRegen 0.11/turn               e - ring of resist corrosion
MPRegen 0.10/turn               (no ring)

@: no status effects
A: sickness immunity, AC +4, negative energy resistance 1, electricity
resistance, torment resistance 1, petrification resistance, claws 1, deformed
body, dopey 1, frail 1
a: no special abilities


You were on level 4 of the Dungeon.
You visited 1 branch of the dungeon, and saw 5 of its levels.

You collected 181 gold pieces.

Inventory:

Hand Weapons
 a - a +0 flail (weapon)
Armour
 b - a +0 scale mail of fire resistance (worn)
 c - a +0 buckler (worn)
 j - a +0 pair of gloves (worn)
Jewellery
 e - a ring of resist corrosion (left hand)
Scrolls
 k - a scroll of teleportation
Potions
 d - 2 potions of might
 f - a potion of lignification
 g - a potion of berserk rage
 i - a potion of cancellation {unknown}
 l - a potion of haste
 m - a potion of heal wounds {unknown}


   Skills:
 + Level 4.3 Fighting
 * Level 4.5 Maces & Flails
 + Level 4.5 Armour
 - Level 0.1 Dodging
 - Level 0.2 Stealth
 - Level 3.4 Shields


You had 5 spell levels left.
You didn't know any spells.
Your spell library contained the following spells:

 Spells                   Type           Power      Damage    Failure   Level
 Beastly Appendage        Tmut           0%         N/A       77%         1
 Slow                     Hex            0%         N/A       77%         1
 Wereblood                Tmut           0%         N/A       88%         2
 Confusing Touch          Hex            0%         N/A       98%         3
 Spider Form              Tmut/Pois      0%         N/A       98%         3
 Vampiric Draining        Necr           0%         2d6       98%         3


Dungeon Overview and Level Annotations

Branches:
Dungeon (5/15)
 Temple: D:4-7

Altars:
Okawaru
Ru


Innate Abilities, Weirdness & Mutations

You are immune to sickness and miasma.
Your stone body is resilient. (AC +4)
You are immune to poison.
You resist negative energy. (rN+)
You are resistant to electric shocks. (rElec)
You are resistant to unholy torment.
You are immune to petrification.
You have sharp fingernails.
Armour fits poorly on your strangely shaped body.
You are dopey. (Int -2)
You are frail. (-10% HP)


Message History

The orc is severely wounded.
The orc hits you but does no damage. x2; You block the orc's attack.
You hit the orc.
You kill the orc!
The orc closely misses you.
The orc throws a boomerang.
You block the boomerang.
Things that are here:
a +0 club; a +0 leather armour The orc hits you but does no damage.
There is a stone staircase leading up here.
You sock the orc!
You kill the orc!
You barely miss the orc. The orc hits you but does no damage.
You sock the orc!
You kill the orc!
Found 5 curare-tipped darts.
Items here: ( ))) [[ †.
There is a stone staircase leading down here.
You see here 5 curare-tipped darts.
There is a stone staircase leading down here.
Items here: ( ))) [[ †.
There is a stone staircase leading up here.
You climb upwards.
There is a stone staircase leading down here.
h - 2 potions of mutation (gained 1)
You now have 181 gold pieces (gained 13).
Found a chain mail.
Okay, then.
As you read the scroll of identify, it crumbles to dust.
g - a potion of berserk rage
Okay, then.
Really quaff the potion of mutation?
You feel extremely strange.
Your fingernails lengthen.
You feel frail.
You feel your magical essence link to the dungeon's wands.
Really quaff the potion of mutation?
You feel extremely strange.
Your magical essence no longer links to wands of the dungeon.
You feel stupid.
Your body twists and deforms.
Are you sure you want to abandon this character and quit the game? (Confirm with "yes".)

## ########
.##..#..[ ...$.^.
..... #... ##..# #
#..@###+### ###.
#.........# .#....
##........+....#....
#..##....##...#....
#..##....##...#....
#..#..........#....
#..#.........##....
#..##..).##..######
#..##....##...+


There were no monsters in sight!

Vanquished Creatures
  A scorpion (D:3)
  A water moccasin skeleton (D:4)
  2 iguanas (D:4)
  An adder (D:2)
  2 worms
  2 dart slugs
  5 orcs
  3 bats
  4 endoplasms
  3 giant cockroaches
  3 goblins
  4 hobgoblins
  3 jackals (D:1)
  3 kobolds (D:1)
  5 quokkas
  5 ball pythons
  7 rats
54 creatures vanquished.

Vanquished Creatures (others)
  6 fungi (D:3)
  7 plants (D:3)
13 creatures vanquished.

Grand Total: 67 creatures vanquished

Notes
Turn   | Place    | Note
-------+----------+-------------------------------------------
     0 | D:1      | Ijustatesigmund the Gargoyle Fighter began the quest for
                  | the Orb.
     0 | D:1      | Reached XP level 1. HP: 14/14 MP: 1/1
   339 | D:1      | Reached XP level 2. HP: 19/19 MP: 2/2
   929 | D:1      | Reached XP level 3. HP: 23/23 MP: 3/3
  2120 | D:3      | Found a sacrificial altar of Ru.
  2296 | D:3      | Reached XP level 4. HP: 28/28 MP: 4/4
  2470 | D:3      | Found an iron altar of Okawaru.
  2916 | D:3      | Found a faded altar of an unknown god.
  3135 | D:4      | Reached XP level 5. HP: 7/33 MP: 5/5
  3407 | D:4      | HP: 1/33 [iguana (8)]
  3410 | D:4      | Reached XP level 6. HP: 2/39 MP: 6/6
  3773 | D:5      | Entered Level 5 of the Dungeon
  3823 | D:4      | Gained mutation: You have sharp fingernails. [potion of
                  | mutation]
  3823 | D:4      | Gained mutation: You are frail. (-10% HP) [potion of
                  | mutation]
  3823 | D:4      | Gained mutation: You expend magic power (3 MP) to
                  | strengthen your wands. [potion of mutation]
  3824 | D:4      | Lost mutation: You expend magic power (3 MP) to strengthen
                  | your wands. [potion of mutation]
  3824 | D:4      | Gained mutation: You are dopey. (Int -2) [potion of
                  | mutation]
  3824 | D:4      | Gained mutation: Armour fits poorly on your strangely
                  | shaped body. [potion of mutation]
  3825 | D:4      | Quit the game

Illustrated notes

Levels and vault maps discovered:
D:1:      elethiomel_arrival_maze, layout_basic, fountainhead,
          minmay_tetromino_s4
D:2:      layout_rooms
D:3:      layout_basic, hangedman_ru_absence, okawaru_metal_pillars_1_2,
          shapermc_ecumenical_altar_mp_urbaneastern, minivault_26
D:4:      layout_gridville, general_overflow_altar
D:5:      layout_loops_ring, tso_oasis_becter, temple_fountains

Skill      XL: |  1  2  3  4 |
---------------+-------------+-----
Maces & Flails | 3 4 |  4.5
Armour         | 4 |  4.5
Fighting       | 4 |  4.3
Dodging        | |  0.1
Stealth        | |  0.2
Shields        | |  3.4

Action                   |  1- 3 |  4- 6 || total
-------------------------+-------+-------++-------
Melee: Flail             |   127 |   121 ||   248
  Use: Scroll            |     6 |     4 ||    10
       Potion            |       |     2 ||     2
Armor: Scale mail        |    73 |    42 ||   115
Dodge: Dodged            |    56 |    34 ||    90
Block: Buckler           |    28 |    12 ||    40

Table legend: (Time is in decaauts)
 A = Elapsed time spent in this place.
 B = Non-inter-level travel time spent in this place.
 C = Inter-level travel time spent in this place.
 D = Time resting spent in this place.
 E = Time spent auto-exploring this place.
 F = Levels seen in this place.
 G = Mean time per level.
                   A        B        C        D        E       F      G
               +--------+--------+--------+--------+--------+-----+--------+
         Total |   3892 |   3823 |     69 |    532 |   2678 |   5 |  778.4 |
       Dungeon |   3892 |   3823 |     69 |    532 |   2678 |   5 |  778.4 |
               +--------+--------+--------+--------+--------+-----+--------+

Top non-repeatable levels by time:
     D:3: 1529 daAuts
     D:1: 1289 daAuts
     D:2: 572 daAuts
     D:4: 468 daAuts
     D:5: 33 daAuts
